 Dungeon Crawl Stone Soup version 0.21.1-1-g345015f (webtiles) character file.

116 grindst0ne the Chucker (level 5, -7/55 HPs)
             Began as an Ogre Hunter on Feb 26, 2018.
             Mangled by Sigmund
             ... wielding a +0 scythe
              (10 damage)
             ... on level 3 of the Dungeon.
             The game lasted 00:03:55 (2020 turns).

grindst0ne the Chucker (Ogre Hunter)                Turns: 2020, Time: 00:03:55

Health: -7/55      AC:  3    Str: 16    XL:     5   Next: 1%
Magic:  5/5        EV: 10    Int: 12    God:
Gold:   157        SH:  0    Dex: 10    Spells: 4/4 levels left

rFire    . . .     SeeInvis .   a - +0 short sword
rCold    . . .     Gourm    .   (no shield)
rNeg     . . .     Faith    +   b - +0 robe
rPois    .         Spirit   .   (helmet restricted)
rElec    .         Reflect  .   (no cloak)
rCorr    .         Harm     .   (gloves unavailable)
MR       .....                  (boots unavailable)
Stlth    +.........             l - amulet of faith
HPRegen  0.18/turn              (no ring)
MPRegen  0.09/turn              (no ring)

@: confused
A: large, unfitting armour, tough skin 1
a: no special abilities


You were on level 3 of the Dungeon.
You were hungry.

You visited 1 branch of the dungeon, and saw 3 of its levels.

You collected 157 gold pieces.

Inventory:

Hand Weapons
 a - a +0 short sword (weapon)
Missiles
 c - 3 large rocks (quivered)
 d - a throwing net
Armour
 b - a +0 robe (worn)
Jewellery
 l - an amulet of faith (around neck)
 o - an uncursed amulet of rage {unknown}
 q - a +5 ring of evasion {unknown}
Scrolls
 e - 2 scrolls of enchant weapon {unknown}
 j - 3 scrolls of teleportation {unknown}
 k - a scroll of remove curse {unknown}
 m - 3 scrolls of identify {unknown}
 n - a scroll of immolation {unknown}
Comestibles
 f - 4 rations
 i - 3 chunks of flesh


   Skills:
 + Level 4.9 Fighting
 + Level 5.2 Throwing
 - Level 1.7 Dodging
 - Level 0.6 Stealth


You had 4 spell levels left.
You didn't know any spells.

Dungeon Overview and Level Annotations

Branches:
Dungeon (3/15)

Altars:

Annotations:
D:3 Sigmund


Innate Abilities, Weirdness & Mutations

You are too large for most types of armour.
You have tough skin. (AC +1)


Message History

You feel magically purged.
You feel yourself slow down.
You feel less confused.
You feel a little less mighty now.
A magic dart appears from out of thin air!
The magic dart hits you!
* * * LOW HITPOINT WARNING * * *
Something hits you!
* * * LOW HITPOINT WARNING * * *
It was a potion of curing.
You feel better.
You hit something.
You hear some strange, mumbled words.
You are confused.
Throwing (i - inventory. (,) - cycle):
c - 4 large rocks (quivered)
Press: ? - help, Shift-Dir - straight line You throw a large rock.
Something hits you.
* * * LOW HITPOINT WARNING * * *
Something hits you!
* * * LOW HITPOINT WARNING * * *
Something hits you!
You die...

.. ..........##.##.#####
.##########...##.#.......
.##................# ..#
.##.#######...##.#.# ..#
....# #...#....####.#
.####
#...........%.###.### .#
#..##......†(........ .#
#(......{####.###.### )#
##.###@### #.# .# #.#
#....<.)<. .####### #.#
########... ...(...# #.#
#.#@# .#)#.#.# #.# #.#.#
.#>..#.#####.# #.#.# .#
###.......# .# #.#######
.#####.#


There were no monsters in sight!

Vanquished Creatures
  A hound (D:3)
  6 adders
  An ooze (D:1)
  A dart slug (D:1)
  2 leopard geckos
  3 bats
  A giant cockroach (D:3)
  3 goblins
  4 hobgoblins
  2 jackals (D:1)
  A frilled lizard (D:2)
  2 kobolds
  5 rats
32 creatures vanquished.

Notes
Turn   | Place    | Note
-------+----------+-------------------------------------------
     0 | D:1      | grindst0ne the Ogre Hunter began the quest for the Orb.
     0 | D:1      | Reached XP level 1. HP: 22/22 MP: 1/1
   284 | D:1      | Reached XP level 2. HP: 21/31 MP: 2/2
   932 | D:2      | Reached XP level 3. HP: 39/39 MP: 3/3
  1545 | D:2      | Reached XP level 4. HP: 29/48 MP: 4/4
  1845 | D:3      | Reached skill level 5 in Throwing
  1952 | D:3      | Reached XP level 5. HP: 24/55 MP: 5/5
  1995 | D:3      | Noticed Sigmund
  2020 | D:3      | Mangled by Sigmund

Skill      XL: |  1  2  3  4 |
---------------+-------------+-----
Fighting       | 3 4 |  4.9
Throwing       | 5 |  5.2
Dodging        | |  1.7
Stealth        | |  0.6

Action                   |  1- 3 |  4- 6 || total
-------------------------+-------+-------++-------
Melee: Short sword       |    94 |    30 ||   124
Throw: Large rock        |     7 |    13 ||    20
       Throwing net      |       |     1 ||     1
  Use: Potion            |       |     4 ||     4
 Stab: Sleeping          |     2 |       ||     2
       Held in net/web   |       |     1 ||     1
  Eat: Chunk             |     1 |     2 ||     3
Armor: Robe              |    19 |    10 ||    29
Dodge: Dodged            |    60 |    26 ||    86
